 Dungeon Crawl Stone Soup version 0.31.0-11-ge490571c62 (webtiles) character file.

Game seed: 1115915090408139563

43 dialectric the Sneak (level 3, -2/23 HPs)
             Began as a Gargoyle Delver on Jan 31, 2024.
             Slain by a hound (5 damage)
             ... on level 4 of the Dungeon.
             The game lasted 00:00:55 (240 turns).

dialectric the Sneak (Gargoyle Delver)               Turns: 240, Time: 00:00:55

Health: -2/23      AC: 11    Str: 17    XL:     3   Next: 58%
Magic:  12/12      EV: 11    Int: 10    God:
Gold:   22         SH:  0    Dex:  8    Spells: 2/2 levels left

rFire   . . .        a - +0 short sword
rCold   . . .        (no shield)
rNeg    + . .        i - +5 leather armour "Yrchee" {Fly rPois MP+9 Dex-3}
rPois   ∞            (no helmet)
rElec   +            (no cloak)
rCorr   .            (no gloves)
SInv    .            (no boots)
Will    .....        (no amulet)
Stlth   +++          (no ring)
HPRegen 0.23/turn    (no ring)
MPRegen 0.13/turn

%: no passive effects
@: flying
A: sickness immunity, AC +3, negative energy resistance 1, electricity
resistance, torment resistance 1, petrification resistance
a: no special abilities


You were on level 4 of the Dungeon.
You visited 1 branch of the dungeon, and saw 2 of its levels.

You collected 22 gold pieces.

Inventory:

Hand Weapons
 a - a +0 short sword (weapon)
Armour
 b - a +0 leather armour
 i - the +5 leather armour "Yrchee" (worn) {Fly rPois MP+9 Dex-3}
   (You found it on level 5 of the Dungeon)

   Dex-3:     It affects your dexterity (-3).
   rPois:     It protects you from poison MP+9: It affects your magic capacity
   (+9).
   Fly:       It grants you flight.
Jewellery
 h - an amulet of the acrobat
Wands
 g - a wand of digging (3)
Scrolls
 c - a scroll of fog
 d - a scroll of revelation
 e - a scroll of fear
Potions
 f - a potion of haste


   Skills:
 - Level 3.3 Fighting
 - Level 2.0 Short Blades
 + Level 0.1 Armour
 * Level 1.7 Dodging
 * Level 6.5 Stealth


You had 2 spell levels left.
You didn't know any spells.
Your spell library was empty.

Dungeon Overview and Level Annotations

Branches:
Dungeon (5/15)
 Temple: D:4-7

Altars:


Innate Abilities, Weirdness & Mutations

You are immune to sickness and miasma.
Your stone body is resilient. (AC +3)
You are immune to poison.
You resist negative energy. (rN+)
You are resistant to electric shocks. (rElec)
You are resistant to unholy torment.
You are immune to petrification.


Message History

The hound is severely wounded.
The hound barely misses you.
You hit the hound.
The hound is almost dead.
The hound bites you but does no damage.
You barely miss the hound.
The hound is severely wounded.
The hound barely misses you. The hound closely misses you.
You hit the hound but do no damage.
The hound is severely wounded.
The hound misses you.
You barely miss the hound.
The hound is severely wounded.
The hound closely misses you.
You closely miss the hound.
The hound is severely wounded.
The hound bites you.
* * * LOW HITPOINT WARNING * * *
The hound bites you.
* * * LOW HITPOINT WARNING * * *
You hit the hound but do no damage.
The hound is severely wounded.
The hound closely misses you. The hound attacks as it pursues you!
The hound bites you but does no damage. The hound closely misses you.
You hit the hound but do no damage.
The hound is severely wounded.
The hound barely misses you.
You hit the hound.
The hound is severely wounded.
The hound closely misses you.
The hound pauses to sniff the ground.
The hound bites you but does no damage.
You hit the hound but do no damage.
The hound is severely wounded.
The hound barely misses you.
You hit the hound.
The hound is almost dead.
The hound bites you.
You die...

#...###.##.####
#......h....... .#
#.#####........ ..
#.#.#.### .#
#.h###.. .#
##.#S#.# # .#
##...#.# .# .
##......#####.#
....#..).....gSh@.#
#..........######
#......>.^##
###......##
#.#....# #.##.#.#
....##.# ..... #?#
#.. .. .#


You could see a hound, a goblin and a ball python.

Vanquished Creatures
  A hound (D:4)
  An adder (D:4)
  An orc (D:4)
  An endoplasm (D:4)
4 creatures vanquished.

Notes
Turn   | Place    | Note
-------+----------+-------------------------------------------
     0 | D:5      | dialectric the Gargoyle Delver began the quest for the Orb.
     0 | D:5      | Reached XP level 1. HP: 14/14 MP: 1/1
    41 | D:5      | Identified the +5 leather armour "Yrchee" {Fly rPois MP+9
                  | Dex-3}
   138 | D:5      | Noticed a hound
   156 | D:4      | Noticed a hound
   157 | D:4      | Noticed a hound
   194 | D:4      | Reached XP level 2. HP: 14/19 MP: 2/2
   209 | D:4      | Reached skill level 6 in Stealth
   209 | D:4      | Reached XP level 3. HP: 18/23 MP: 3/3
   240 | D:4      | Slain by a hound

Illustrated notes

Levels and vault maps discovered:
D:4:      layout_loops_ring, hangedman_minor_gate_pass
D:5:      layout_cave_pools

Skill      XL: |  1  2 |
---------------+-------+-----
Short Blades   | 2 |  2.0
Stealth        | 6 |  6.5
Fighting       | |  3.3
Armour         | |  0.1
Dodging        | |  1.7

Action                     || total
---------------------------++-------
  Melee: Short sword       ||    75
         Punch             ||     1
   Stab: Sleeping          ||     1
 Armour: Leather armour    ||    57
  Dodge: Dodged            ||    51
